 Dungeon Crawl Stone Soup version 0.19.1 (webtiles) character file.

71 CanadianGator the Cutter (level 4, -6/28 HPs)
             Began as a Kobold Fighter on Jan 10, 2017.
             Killed by nerve-wracking pain
             ... invoked by an orc priest
              (13 damage)
             ... on level 3 of the Dungeon.
             The game lasted 00:08:55 (2437 turns).

CanadianGator the Cutter (Kobold Fighter)           Turns: 2437, Time: 00:08:55

Health: -6/28      AC:  3    Str: 18    XL:     4   Next: 47%
Magic:  4/4        EV: 12    Int: 15    God:
Gold:   124        SH: 10    Dex: 15    Spells: 0 memorised, 3 levels left

rFire  . . .     SeeInvis .     q - -3 dagger (curse)
rCold  . . .     Gourm    .     l - +0 robe
rNeg   . . .     Faith    .     c - +1 shield
rPois  .         Spirit   .     (no helmet)
rElec  .         Reflect  .     j - +0 cloak
rCorr  .         Harm     .     (no gloves)
MR     .....                    (no boots)
Stlth  ++........               p - amulet of regeneration
                                e - ring of wizardry
                                b - +6 ring of intelligence

@: mighty
A: carnivore 3
a: no special abilities


You were on level 3 of the Dungeon.
You were full.

You visited 1 branch of the dungeon, and saw 3 of its levels.

You collected 124 gold pieces.

Inventory:

Hand Weapons
 a - a +0 rapier
 q - a cursed -3 dagger (weapon)
Armour
 c - a +1 shield (worn)
 j - a +0 cloak (worn)
 l - a +0 robe (worn)
Jewellery
 b - a +6 ring of intelligence (left hand)
 e - a ring of wizardry (right hand)
 p - an amulet of regeneration (around neck)
Potions
 d - a potion of might
 g - 2 potions of cancellation
 k - a potion of haste
 o - a potion of curing
Comestibles
 f - 2 meat rations
 i - a slice of pizza
 n - a royal jelly (quivered)


   Skills:
 - Level 3.2 Fighting
 * Level 4.0 Short Blades
 - Level 2.4 Armour
 * Level 1.9 Dodging
 * Level 2.0 Stealth
 * Level 2.8 Shields


You had 3 spell levels left.
You didn't know any spells.

Dungeon Overview and Level Annotations

Branches:
Dungeon (3/15)

Altars:
Fedhas


Innate Abilities, Weirdness & Mutations

You are small and have problems with some larger weapons.
You are carnivorous and can eat meat at any time.


Message History

You kill the orc!
You hit the orc priest.
The orc priest is heavily wounded.
You block the orc priest's attack.
You barely miss the orc priest.
The orc priest is heavily wounded.
The orc priest hits you but does no damage.
Your shield prevents you from hitting the orc priest.
The orc priest is heavily wounded.
You hit the orc priest.
The orc priest is severely wounded.
The orc priest mumbles some strange prayers to Beogh against you.
Beogh smites you!
Ouch! That really hurt!
* * * LOW HITPOINT WARNING * * *
You hit the orc priest but do no damage.
The orc priest is severely wounded.
The orc priest mumbles some strange prayers to Beogh against you.
Pain shoots through your body!
You die...

.#####...##
.######..#
.........#
.#######.# ###
#.# .. #.# #$
#.#
.#####.#####.#
....<..oo@...#
.#####.#######
#. #. #. #. #.
#.


You could see an orc priest and an orc.

Vanquished Creatures
  2 adders (D:2)
  An ooze (D:2)
  A worm (D:3)
  3 dart slugs (D:1)
  2 leopard geckos (D:1)
  4 orcs (D:3)
  4 bats
  4 goblins
  4 hobgoblins
  2 jackals (D:3)
  3 kobolds
  A ball python (D:1)
  2 frilled lizards
  2 rats
35 creatures vanquished.

Notes
Turn   | Place    | Note
-------+----------+-------------------------------------------
     0 | D:1      | CanadianGator the Kobold Fighter began the quest for the Orb.
     0 | D:1      | Reached XP level 1. HP: 14/14 MP: 1/1
   238 | D:1      | Reached skill level 3 in Short Blades
   327 | D:1      | Reached XP level 2. HP: 12/19 MP: 2/2
   450 | D:1      | Reached skill level 1 in Stealth
   627 | D:1      | Reached XP level 3. HP: 23/23 MP: 3/3
   783 | D:1      | Reached skill level 1 in Dodging
  1539 | D:2      | Reached XP level 4. HP: 28/28 MP: 4/4
  1680 | D:2      | Found a blossoming altar of Fedhas.
  2065 | D:3      | Reached skill level 4 in Short Blades
  2437 | D:3      | Killed from afar by an orc priest

Skill      XL: |  1  2  3  4 |
---------------+-------------+-----
Short Blades   | 3 4 |  4.0
Stealth        | 1 2 |  2.0
Dodging        | 1 |  1.9
Fighting       | |  3.2
Armour         | |  2.4
Shields        | |  2.8

Action                   |  1- 3 |  4- 6 || total
-------------------------+-------+-------++-------
Melee: Rapier            |    96 |     9 ||   105
       Dagger            |       |   133 ||   133
  Use: Scroll            |     8 |     4 ||    12
       Potion            |       |     4 ||     4
 Stab: Sleeping          |     1 |     1 ||     2
  Eat: Chunk             |     7 |     4 ||    11
Armor: Scale mail        |     9 |       ||     9
       Robe              |    11 |     6 ||    17
       Skin              |       |    29 ||    29
Dodge: Dodged            |    44 |    45 ||    89
Block: Shield            |    45 |    80 ||   125
